 Dungeon Crawl Stone Soup version 0.29-a0-384-g6960b1960d (webtiles) character file.

Game seed: 5420885388897578575

5877 jlumianski the Torchbearer (level 10, -3/77 HPs)
             Began as a Demonspawn Fighter on May 6, 2022.
             Was an Initiate of Yredelemnul.
             Killed from afar by a starcursed mass (5 damage)
             ... with an accursed screaming
             ... on level 2 of the Abyss.
             The game lasted 00:36:23 (8256 turns).

jlumianski the Torchbearer (Demonspawn Fighter)     Turns: 8256, Time: 00:36:23

Health: -3/77      AC: 27    Str: 21    XL:     10   Next: 52%
Magic:  17/17      EV: 10    Int:  9    God:    Yredelemnul [......]
Gold:   488        SH: 10    Dex: 13    Spells: 9/9 levels left

rFire   . . .      SeeInvis .   k - +1 war axe (vamp)
rCold   + . .      Faith    .   c - +0 buckler
rNeg    . . .      Spirit   .   d - +2 scale mail {rC+}
rPois   +          Reflect  +   F - +0 helmet
rElec   .          Harm     .   m - +2 cloak
rCorr   .          Rampage  .   (no gloves)
Will    .....      Rnd*Tele +   j - +0 pair of boots
Stlth   ..........              s - amulet of reflection
HPRegen 0.22/turn               Q - ring of poison resistance
MPRegen 0.15/turn               (no ring)

@: about to teleport, sanguine armoured, studying Invocations
A: powered by death 1, sanguine armour 3, [teleportitis 2], [no potion heal 2]
a: Renounce Religion, Recall Undead Harvest


You were on level 2 of the Abyss.
You worshipped Yredelemnul.
Yredelemnul was aware of your devotion.
You visited 2 branches of the dungeon, and saw 9 of its levels.
You visited the Abyss 1 time.
You also visited: Sewer.

You collected 488 gold pieces.

Inventory:

Hand Weapons
 a - a +0 war axe
 h - a +0 dagger of speed
 i - a +0 hunting sling
 k - a +1 vampiric war axe (weapon)
 u - a +0 broad axe
 D - a +2 hand axe of venom
 I - a +0 short sword of venom
 J - a +3 spear
 L - a +0 whip of electrocution
Missiles
 n - 157 stones
 p - a curare-tipped dart
 v - 5 javelins
 A - 12 poisoned darts (quivered)
 K - a throwing net
Armour
 b - a +0 scale mail
 c - a +0 buckler (worn)
 d - a +2 scale mail of cold resistance (worn)
 j - a +0 pair of boots (worn)
 m - a +2 cloak (worn)
 w - a +0 chain mail
 F - a +0 helmet (worn)
 M - the +0 robe of Crawling {Rampage rC- Int+4}
   (You found it on level 6 of the Dungeon)

   Int:       It affects your intelligence (+4).
   rC:        It makes you vulnerable to cold.
   Rampage:   It bestows one free step when moving towards enemies.
 N - the +0 robe of Red Salvation {Str+4 Stlth+}
   (You found it on level 7 of the Dungeon)

   Str:       It affects your strength (+4).
   Stlth:     It makes you more stealthy.
 O - the +1 robe of the Weaver {+Inv rPois Int-4}
   (You took it off an orc on level 6 of the Dungeon)

   Int:       It affects your intelligence (-4).
   rPois:     It protects you from poison.
   +Inv:      It lets you turn invisible.
 P - a +0 plate armour
 U - a +0 plate armour
Magical Staves
 R - a staff of poison
Jewellery
 g - an amulet of guardian spirit
 s - an amulet of reflection (around neck)
 Q - a ring of poison resistance (left hand)
 W - an amulet of guardian spirit
Wands
 B - a wand of flame (11)
 E - a wand of charming (28)
 S - a wand of iceblast (4)
Scrolls
 t - 5 scrolls of teleportation
 x - a scroll of immolation
 G - a scroll of magic mapping
 T - a scroll of poison
 X - a scroll of identify
Potions
 e - 2 potions of lignification
 f - 4 potions of cancellation
 l - a potion of heal wounds
 o - a potion of attraction
 q - 2 potions of degeneration
 r - a potion of flight
 z - 3 potions of curing
 C - 2 potions of invisibility
 H - a potion of resistance
 V - a potion of haste {unknown}


   Skills:
 + Level 6.4 Fighting
 + Level 9.2 Axes
 + Level 0.8 Throwing
 + Level 6.1 Armour
 + Level 2.5 Dodging
 + Level 1.2 Stealth
 + Level 5.8 Shields
 * Level 10.0 Invocations


You had 9 spell levels left.
You didn't know any spells.
Your spell library contained the following spells:

 Spells                   Type           Power      Damage    Failure   Level
 Apportation              Tloc           0%         N/A       78%         1
 Summon Small Mammal      Summ           0%         N/A       78%         1
 Blink                    Tloc           0%         N/A       89%         2
 Call Canine Familiar     Summ           0%         N/A       98%         3
 Inner Flame              Hex/Fire       0%         N/A       98%         3
 Portal Projectile        Hex/Tloc       0%         N/A       98%         3
 Summon Guardian Golem    Hex/Summ       0%         N/A       98%         3
 Cause Fear               Hex            0%         N/A       100%        4
 Alistair's Intoxication  Tmut/Pois      0%         N/A       100%        5
 Blade Hands              Tmut           0%         N/A       100%        5
 Excruciating Wounds      Necr           0%         N/A       100%        5
 Manifold Assault         Tloc           0%         N/A       100%        5
 Storm Form               Tmut/Air       0%         N/A       100%        7
 Discord                  Hex            0%         N/A       100%        8


Dungeon Overview and Level Annotations

Branches:
Dungeon (8/15)             Temple (1/1) D:5           Sewer (visited)
   Lair: D:8-11

Altars:
Ashenzari
Cheibriados
Dithmenos
Elyvilon
Gozag
Hepliaklqana
Makhleb
Qazlal
Ru
Sif Muna
Trog
Uskayaw
Vehumet
Wu Jian
Xom
Yredelemnul
Zin
The Shining One
Lugonu

Annotations:
D:8 Psyche


Innate Abilities, Weirdness & Mutations

You regenerate a little health from kills.
When seriously injured, your blood forms very thick armour. (AC +12)
[You are sometimes teleported next to monsters.]
[Potions cannot restore your health.]


Message History

An ancient zyme comes into view.
You feel yourself growing ill in the presence of the ancient zyme.
You miss the raiju.
The raiju is heavily wounded.
Your raiju zombie barely misses the raiju.
The raiju bites you but does no damage.
A raiju comes into view.
You barely miss the raiju.
The raiju is heavily wounded.
An ice beast comes into view.
Your raiju zombie bites the raiju but does no damage.
The raiju bites you but does no damage.
The crimson imp blinks!
As you read the scroll of teleportation, it crumbles to dust.
You feel strangely unstable.
You feel the power of the Abyss delaying your translocation!
The raiju bites you but does no damage. x2
Your raiju zombie bites the raiju but does no damage.
Blink to where?
Press: ? - help, Dir - move target
As you read the scroll of blinking, it crumbles to dust.
A starcursed mass comes into view.
The starcursed mass shrieks in your mind.
* * * LOW HITPOINT WARNING * * *
The raiju bursts into living lightning!
The living lightning hits you.
* * * LOW HITPOINT WARNING * * *
The raiju blinks!
The raiju attacks as you move away! The raiju bites you but does no damage.
A starcursed mass splits.
A chorus of shrieks assaults your mind.
* * * LOW HITPOINT WARNING * * *
A starcursed mass splits.
A chorus of shrieks assaults your mind.
* * * LOW HITPOINT WARNING * * *
A raiju comes into view.
Unknown command.
You have no ailments to cure.
A chorus of shrieks assaults your mind.
You die...
Your body rises from the dead as a mindless zombie.

. ##.XX#.# #
#.##.#.# .
#≈#X#≈.# .#
....# #.≈X≈. .
#.#≈## . .
##.≈..## . .
#.#..#h# ... ##
#..#...# # # #.#
#.###@#8.8.... #
. .
#.#.##.##...###.
. .######.....#.
..... ###
#...#.h# .§
.....# #.##.
..#..... ..#....
#.##..#....#.
....h.. .
.#.§..#.. #.#
#.. #....Z#..#
.. .. #x..# ##


You could see 2 starcursed masses and a raiju.

Vanquished Creatures
  A wretched star (Abyss:2)
  Pikel (D:5)
  A manticore (D:7)
  A kobold demonologist (D:7)
  A raiju (Abyss:2)
  A wyvern (D:7)
  3 steam dragons
  Eustachio (D:6)
  Edmund (D:6)
  An orc warrior (D:6)
  3 black bears
  2 sky beasts
  An ogre (D:5)
  2 centaurs (D:7)
  A phantom (D:3)
  A kobold brigand (Sewer)
  3 bullfrogs (D:7)
  2 scorpions
  A necrophage (D:7)
  2 killer bees (D:7)
  A howler monkey (D:3)
  6 hounds
  3 jellies
  4 orc priests
  A gnoll shaman (D:5)
  7 orc wizards
  7 iguanas
  12 gnolls
  6 adders
  2 river rats (Sewer)
  4 shadow imps
  A white imp (D:7)
  3 worms
  4 dart slugs
  24 orcs
  5 bats
  5 endoplasms
  3 giant cockroaches
  10 goblins
  7 hobgoblins
  7 jackals
  5 quokkas
  12 ball pythons
  3 frilled lizards
  16 kobolds
  10 rats
  A spectral goblin (D:4)
199 creatures vanquished.

Vanquished Creatures (collateral kills)
  A deep elf pyromancer (D:7)
  A cyclops (D:7)
  Grinder (D:6)
  A shadow (D:7)
  2 sky beasts (D:7)
  A gnoll sergeant (D:5)
  A hound (D:7)
  An orc wizard (D:6)
  A gnoll (D:5)
  A jackal (D:5)
11 creatures vanquished.

Vanquished Creatures (others)
  A raiju zombie (Abyss:2)
  A bullfrog zombie (D:7)
  2 hound zombies
  A spectral jelly (D:7)
  2 spectral shadow imps
  A gnoll zombie (D:7)
  6 orc zombies
14 creatures vanquished.

Grand Total: 224 creatures vanquished

Notes
Turn   | Place    | Note
-------+----------+-------------------------------------------
     0 | D:1      | jlumianski the Demonspawn Fighter began the quest for the
                  | Orb.
     0 | D:1      | Reached XP level 1. HP: 18/18 MP: 1/1
   256 | D:1      | Gained mutation: When seriously injured, your blood forms
                  | armour. (AC +12) [demonic ancestry]
   256 | D:1      | Reached XP level 2. HP: 19/24 MP: 2/2
  1318 | D:2      | Reached XP level 3. HP: 25/29 MP: 3/3
  1786 | D:2      | Found a faded altar of an unknown god.
  1932 | D:3      | Gained mutation: You regenerate a little health from kills.
                  | [demonic ancestry]
  1932 | D:3      | Reached XP level 4. HP: 30/35 MP: 4/4
  2034 | D:3      | Found a glowing drain.
  2038 | Sewer    | Entered a sewer
  2158 | Sewer    | Noticed a kobold brigand
  2187 | Sewer    | Killed a kobold brigand
  2188 | Sewer    | Reached XP level 5. HP: 41/42 MP: 5/5
  2491 | D:3      | Found a transporter.
  2938 | D:3      | Found a transporter.
  3093 | D:3      | Found an opulent altar of Gozag.
  3297 | D:3      | Reached XP level 6. HP: 48/48 MP: 6/6
  3439 | D:4      | Found a burning altar of Makhleb.
  3909 | D:3      | Gained mutation: When seriously injured, your blood forms
                  | thick armour. (AC +12) [demonic ancestry]
  3909 | D:3      | Reached XP level 7. HP: 27/54 MP: 7/7
  4132 | D:3      | Reached skill level 1 in Dodging
  4268 | D:4      | Found a hazy altar of Hepliaklqana.
  4559 | D:5      | Entered Level 5 of the Dungeon
  4580 | D:5      | Found a staircase to the Ecumenical Temple.
  4598 | Temple   | Entered the Ecumenical Temple
  4663 | Temple   | Became a worshipper of Yredelemnul the Dark
  4700 | D:5      | Reached skill level 5 in Axes
  4783 | D:5      | Reached skill level 1 in Invocations
  4814 | D:5      | Reached * piety under Yredelemnul
  5056 | D:5      | Reached skill level 2 in Invocations
  5061 | D:5      | Reached ** piety under Yredelemnul
  5109 | D:5      | Gained mutation: When seriously injured, your blood forms
                  | very thick armour. (AC +12) [demonic ancestry]
  5109 | D:5      | Reached XP level 8. HP: 58/61 MP: 9/9
  5158 | D:5      | Found a sacrificial altar of Ru.
  5316 | D:5      | Reached skill level 3 in Invocations
  5428 | D:5      | Found a hide-covered altar of Uskayaw.
  5442 | D:5      | Reached *** piety under Yredelemnul
  5557 | D:6      | Noticed Pikel
  5568 | D:6      | Noticed Eustachio
  5583 | D:5      | Killed Pikel
  5584 | D:5      | Reached skill level 5 in Fighting
  5584 | D:5      | Reached skill level 4 in Invocations
  5960 | D:6      | Identified the +0 robe of Crawling {Rampage rC- Int+4}
  5980 | D:6      | Noticed Grinder
  5981 | D:6      | Identified the +1 robe of the Weaver {+Inv rPois Int-4}
  5985 | D:6      | Paralysed by Grinder for 3 turns
  5995 | D:6      | Reached skill level 5 in Armour
  6010 | D:6      | Paralysed by Grinder for 2 turns
  6030 | D:6      | Paralysed by Grinder for 3 turns
  6036 | D:6      | Killed Grinder
  6037 | D:6      | Reached skill level 5 in Invocations
  6037 | D:6      | Reached XP level 9. HP: 36/68 MP: 12/12
  6120 | D:6      | Killed Eustachio
  6121 | D:6      | Reached skill level 1 in Stealth
  6178 | D:6      | Noticed Edmund
  6191 | D:6      | Killed Edmund
  6196 | D:6      | Reached skill level 6 in Invocations
  6202 | D:6      | Reached skill level 5 in Shields
  6362 | D:6      | Found an ornate altar of the Wu Jian Council.
  6545 | D:6      | Found a snail-covered altar of Cheibriados.
  6552 | D:6      | Identified a scroll of acquirement
  6552 | D:6      | Acquired a manual of Invocations
  6627 | D:7      | Found a stormy altar of Qazlal.
  6879 | D:7      | Noticed a manticore
  6909 | D:7      | Killed a manticore
  6910 | D:7      | Reached skill level 7 in Invocations
  7275 | D:7      | Noticed a deep elf pyromancer
  7299 | D:7      | Killed a deep elf pyromancer
  7300 | D:7      | Reached XP level 10. HP: 47/76 MP: 15/15
  7306 | D:7      | Reached skill level 8 in Invocations
  7391 | D:7      | Identified the +0 robe of Red Salvation {Str+4 Stlth+}
  7587 | D:7      | Reached skill level 9 in Invocations
  7679 | D:7      | Noticed a cyclops
  7696 | D:7      | Killed a cyclops
  7784 | D:7      | Reached skill level 10 in Invocations
  8124 | D:8      | Noticed Psyche
  8146 | D:8      | Cast into level 2 of the Abyss (Psyche)
  8181 | Abyss:2  | Noticed a wretched star
  8205 | Abyss:2  | Killed a wretched star
  8249 | Abyss:2  | Noticed a starcursed mass
  8252 | Abyss:2  | HP: 1/77 [starcursed mass/accursed screaming (10)]
  8256 | Abyss:2  | Killed from afar by a starcursed mass

Illustrated notes

Levels and vault maps discovered:
D:1:      psy_arrival_statuary, layout_basic, chequers_serial_rivers_micro_e,
          minmay_misc_feat_nine_boxes
D:2:      layout_rooms, hellmonk_ecumenical_altar_inner_sanctum
D:3:      gammafunk_wand_slinger, layout_loops_ring, lemuel_round_altar,
          gup_sewer_entry_spiral, grunt_decor_cap
D:4:      layout_cave_pools, nicolae_overflow_crystal_walls,
          nicolae_hepliaklqana_monster_ancestors, sigmund_army
D:5:      layout_loops_cross, tso_metal_star, mainiacjoe_overflow_alcove_1,
          eat_drink_and_be_merry_uskayaw, temple_statues,
          amcnicky_mini_rare_corridor_liquid
D:6:      layout_rooms, kennysheep_slug_shrine,
          pdpol_wu_jian_five_deadly_venoms, chequers_serial_rivers_marsh,
          uniq_eustachio, uniq_pikel, uniq_grinder, uniq_edmund
D:7:      minmay_the_grid_octo_tiled_squarecenter
          [minmay_the_grid_octo_pinwheel, minmay_the_grid_octo_concentric,
          minmay_the_grid_octo_checkerflower, minmay_the_grid_octo_teeth,
          minmay_the_grid_square_5x5_megaprize_hollow,
          minmay_the_grid_square_5x5_shuriken, minmay_the_grid_square_5x5_v,
          minmay_the_grid_square_5x5_seven,
          minmay_the_grid_square_5x5_sharp_hourglass], layout_loops_ring,
          lemuel_doored_altar, nicolae_qazlal_general_emergency
D:8:      layout_basic, serial_shops, nicolae_shop_stone, gammafunk_ghost_smash,
          serial_bayou_lagoon_b, uniq_psyche, uniq_joseph, uniq_prince_ribbit1
Temple:   corrupted_temple
Abyss:2:  base: D:5, evilmike_abyss_exit_chaos

Skill      XL: |  1  2  3  4  5  6  7  8  9 10 |
---------------+-------------------------------+-----
Armour         | 3 4 5 6 |  6.1
Axes           | 2 3 4 5 7 8 9 |  9.2
Shields        | 3 4 5 |  5.8
Fighting       | 4 5 6 |  6.4
Dodging        | 1 2 |  2.5
Invocations    | 2 5 7 10 | 10.0
Stealth        | 1 |  1.2
Throwing       | |  0.8

Action                   |  1- 3 |  4- 6 |  7- 9 | 10-12 || total
-------------------------+-------+-------+-------+-------++-------
Melee: War axe           |   119 |   195 |   244 |   180 ||   738
Throw: Stone             |    35 |     9 |       |       ||    44
Invok: Recall Undead Har |       |       |       |     1 ||     1
       Dark Bargain      |       |       |       |     1 ||     1
Evoke: Wand              |       |       |       |     3 ||     3
  Use: Scroll            |     8 |     4 |     4 |     2 ||    18
       Potion            |     3 |     2 |     3 |     2 ||    10
 Stab: Distracted        |       |       |     2 |     1 ||     3
Armor: Scale mail        |    66 |       |    36 |   106 ||   208
       Chain mail        |     7 |   111 |   163 |       ||   281
Dodge: Dodged            |    56 |    73 |    95 |    54 ||   278
Block: Buckler           |    49 |   122 |   172 |    73 ||   416
       Reflection        |     1 |     2 |       |     1 ||     4

Table legend: (Time is in decaauts)
 A = Elapsed time spent in this place.
 B = Non-inter-level travel time spent in this place.
 C = Inter-level travel time spent in this place.
 D = Time resting spent in this place.
 E = Time spent auto-exploring this place.
 F = Levels seen in this place.
 G = Mean time per level.
                   A        B        C        D        E       F      G
               +--------+--------+--------+--------+--------+-----+--------+
         Total |   8556 |   8337 |    219 |    912 |   4231 |  11 |  777.8 |
       Dungeon |   8012 |   7793 |    219 |    850 |   4136 |   8 | 1001.5 |
        Temple |     82 |     82 |      0 |      0 |      7 |   1 |   82.0 |
         Abyss |    112 |    112 |      0 |     11 |     15 |   1 |  112.0 |
         Sewer |    349 |    349 |      0 |     51 |     73 |   1 |  349.0 |
               +--------+--------+--------+--------+--------+-----+--------+

Top non-repeatable levels by time:
     D:3: 1666 daAuts
     D:7: 1446 daAuts
     D:1: 1285 daAuts
     D:5: 1170 daAuts
     D:4: 836 daAuts
     D:6: 828 daAuts
     D:2: 650 daAuts
   Sewer: 349 daAuts
     D:8: 128 daAuts
 Abyss:2: 112 daAuts
  Temple: 82 daAuts
